 Dungeon Crawl Stone Soup version 0.28-b1-70-g80dc712255 (webtiles) character file.

Game seed: 7754272070782534306

1206 tizbic2 the Slasher (level 8, -30/58 HPs)
             Began as a Djinni Necromancer on Feb 4, 2022.
             Was a Follower of Okawaru.
             Annihilated by a two-headed ogre (33 damage)
             ... on level 6 of the Dungeon.
             The game lasted 00:39:23 (8294 turns).

tizbic2 the Slasher (Djinni Necromancer)            Turns: 8294, Time: 00:39:24

Health: -30/58     AC:  3    Str: 15    XL:     8   Next: 73%
Gold:   282        EV:  9    Int: 17    God:    Okawaru [*.....] SH:  9 Dex: 14

rFire   + + .      SeeInvis .   w - +5 double sword
rCold   x . .      Faith    .   p - +0 kite shield
rNeg    . . .      Spirit   .   b - +0 ring mail
rPois   ∞          Reflect  .   d - +0 helmet
rElec   .          Harm     .   i - scarf {+Inv}
rCorr   .          Rampage  .   (no gloves)
Will    .....                   (boots unavailable)
Stlth   +.........              (no amulet)
HPRegen 0.19/turn               k - ring of wizardry
MPRegen 0.00/turn               m - +6 ring of strength

@: flying
A: sickness immunity, fire resistance 2, cold vulnerability 1, float, innate
caster, HP casting, extra vitality 1, deformed body, evolution 1, noise
suppression
a: Renounce Religion, Evoke Invisibility, Heroism


You were on level 6 of the Dungeon.
You worshipped Okawaru.
Okawaru was aware of your devotion.
You visited 2 branches of the dungeon, and saw 7 of its levels.
You also visited: Sewer.

You collected 282 gold pieces.

Inventory:

Hand Weapons
 e - a +2 whip of electrocution
 q - a +0 hunting sling
 w - a +5 double sword (weapon)
Missiles
 a - 37 sling bullets
 f - a throwing net
 h - 175 stones (quivered)
Armour
 b - a +0 ring mail (worn)
 d - a +0 helmet (worn)
 i - a scarf of invisibility (worn)
 p - a +0 kite shield (worn)
Jewellery
 k - a ring of wizardry (left hand)
 m - a +6 ring of strength (right hand)
 n - a ring of willpower
Wands
 j - a wand of iceblast (10)
Scrolls
 l - a scroll of identify
Potions
 c - a potion of lignification {unknown}
 g - a potion of curing
 o - a potion of heal wounds {unknown}


   Skills:
 - Level 3.6 Fighting
 - Level 3.3(4.9) Short Blades
 * Level 5.7(6.1) Long Blades
 - Level 1.4 Slings
 - Level 2.1 Dodging
 - Level 1.5 Stealth
 + Level 4.2 Shields
 - Level 3.2 Spellcasting


You couldn't memorise any spells.
You knew the following spells:

 Your Spells              Type           Power      Damage    Failure   Level
a - Pain                  Necr           52%        1d6       11%         1
b - Animate Skeleton      Necr           26%        N/A       11%         1
c - Vampiric Draining     Necr           13%        2d6       30%         3
d - Animate Dead          Necr           6%         N/A       67%         4
e - Agony                 Necr           13%        N/A       94%         5
f - Magic Dart            Conj           52%        1d5       11%         1
g - Scorch                Fire           26%        2d6       16%         2
h - Summon Guardian Gole  Hex/Summ       13%        N/A       30%         3
Your spell library was empty.

Dungeon Overview and Level Annotations

Branches:
Dungeon (6/15)             Temple (1/1) D:4           Sewer (visited)

Altars:
Dithmenos
Elyvilon
Gozag
Hepliaklqana
Kikubaaqudgha
Nemelex Xobeh
Okawaru
Sif Muna
Trog
Uskayaw
Vehumet
Wu Jian
Xom
Yredelemnul
The Shining One


Innate Abilities, Weirdness & Mutations

You are immune to sickness and miasma.
You are immune to poison.
Your flesh is very heat resistant. (rF++)
You are vulnerable to cold. (rC-)
You float through the air rather than walking.
You learn spells naturally, not from books.
Your magical power is your life essence.
You have superior vitality. (+4 MHP)
Armour fits poorly on your strangely shaped body.
You have hidden genetic potential.
You passively dampen the noise of your surroundings.


Message History

You feel life coursing into your body.
h - 175 stones (gained 1)
You start resting.
HP restored.
Found a falchion.
You see here a +0 falchion.
Found a stone staircase leading up.
There is a stone staircase leading up here.
A two-headed ogre comes into view.
It is wielding a +0 giant club and a +0 giant spiked club.
Found a brown potion.
Found a stone staircase leading down.
The two-headed ogre shouts in stereo!
Casting: Vampiric Draining (dangerous; 30% risk of failure)
Confirm with . or Enter, or press ? or * to list all spells.
Flames lash the two-headed ogre.
The two-headed ogre is lightly wounded.
The two-headed ogre's fire resistance burns away.
You slash the two-headed ogre!
The two-headed ogre is moderately wounded.
You block the two-headed ogre's attack. The two-headed ogre closely misses you.
You barely miss the two-headed ogre.
The two-headed ogre is moderately wounded.
The two-headed ogre is no longer more vulnerable to fire.
The two-headed ogre hits you with a +0 giant club!!
The two-headed ogre barely misses you.
You barely miss the two-headed ogre.
The two-headed ogre is lightly wounded.
The two-headed ogre closely misses you. x2
You barely miss the two-headed ogre.
The two-headed ogre is lightly wounded.
The two-headed ogre barely misses you. The two-headed ogre closely misses you.
The two-headed ogre hits you with a +0 giant club!
You block the two-headed ogre's attack.
There is a stone staircase leading up here.
You slash the two-headed ogre!
The two-headed ogre is moderately wounded.
The two-headed ogre hits you with a +0 giant club!!
* * * LOW HITPOINT WARNING * * *
The two-headed ogre hits you with a +0 giant spiked club!!
Ouch! That really hurt!
You die...

#.# #.# #.#
#.# #.# #.#
..# #.# ###.#
##.#.# #....#
##.### #@# #O#
# #.# ...####
#.#
.......#####.#
#........#
#..####### #.!
#..


You could see a two-headed ogre.

Vanquished Creatures
  2 sky beasts
  An ogre (D:4)
  4 scorpions
  A centaur zombie (D:6)
  A jelly (D:5)
  A bullfrog skeleton (D:6)
  A gnoll shaman (D:5)
  An orc priest (D:5)
  Jessica (D:3)
  3 iguanas
  5 orc wizards
  A hound skeleton (D:4)
  Robin (D:2)
  8 gnolls
  6 adders
  3 river rats (Sewer)
  A shadow imp (D:4)
  3 white imps
  An ufetubus (D:5)
  A worm (D:5)
  2 dart slugs
  15 orcs
  12 ball pythons
  10 endoplasms
  2 giant cockroaches
  15 goblins
  4 hobgoblins
  3 jackals (D:1)
  4 quokkas
  8 bats
  A frilled lizard (D:1)
  14 kobolds
  7 rats
143 creatures vanquished.

Vanquished Creatures (collateral kills)
  A worm (D:2)
1 creature vanquished.

Vanquished Creatures (others)
  4 fungi (D:6)
4 creatures vanquished.

Grand Total: 148 creatures vanquished

Notes
Turn   | Place    | Note
-------+----------+-------------------------------------------
     0 | D:1      | tizbic2 the Djinni Necromancer began the quest for the Orb.
     0 | D:1      | Reached XP level 1. HP: 15/15 MP: 0/0
   314 | D:1      | Reached skill level 1 in Fighting
   448 | D:1      | Reached XP level 2. HP: 13/22 MP: 0/0
   683 | D:1      | Found a faded altar of an unknown god.
  1025 | D:1      | Reached XP level 3. HP: 24/29 MP: 0/0
  1025 | D:1      | Learned a level 1 spell: Magic Dart
  1813 | D:2      | Reached XP level 4. HP: 21/35 MP: 0/0
  2242 | D:2      | Found a white marble altar of Elyvilon.
  2254 | D:2      | Reached skill level 1 in Short Blades
  2538 | D:2      | Noticed Robin
  2555 | D:2      | Killed Robin
  2556 | D:2      | Reached XP level 5. HP: 28/40 MP: 0/0
  2556 | D:2      | Learned a level 2 spell: Scorch
  3560 | D:3      | Noticed Jessica
  3565 | D:3      | Killed Jessica
  3582 | D:3      | Found a glowing drain.
  3588 | Sewer    | Entered a sewer
  3596 | Sewer    | Reached skill level 1 in Slings
  3626 | Sewer    | Reached XP level 6. HP: 36/47 MP: 0/0
  3778 | Sewer    | HP: 2/47 [hell rat (13)]
  5280 | D:4      | Found a staircase to the Ecumenical Temple.
  5291 | Temple   | Entered the Ecumenical Temple
  5630 | Temple   | Became a worshipper of Warmaster Okawaru
  5805 | D:5      | Entered Level 5 of the Dungeon
  5824 | D:5      | Noticed an ogre
  5830 | D:4      | Reached skill level 1 in Long Blades
  5915 | D:4      | Killed an ogre
  5916 | D:4      | Reached skill level 2 in Long Blades
  5916 | D:4      | Reached skill level 1 in Shields
  5916 | D:4      | Reached XP level 7. HP: 17/51 MP: 0/0
  5916 | D:4      | Learned a level 3 spell: Summon Guardian Golem
  6484 | D:4      | Reached skill level 3 in Long Blades
  6660 | D:5      | Reached * piety under Okawaru
  6673 | D:5      | Reached skill level 4 in Long Blades
  6673 | D:5      | Reached XP level 8. HP: 27/58 MP: 0/0
  7265 | D:5      | Gained mutation: Armour fits poorly on your strangely
                  | shaped body. [potion of mutation]
  7265 | D:5      | Gained mutation: You are partially covered in iridescent
                  | scales. (AC +2) [potion of mutation]
  7265 | D:5      | Gained mutation: You are agile. (Dex +2) [potion of
                  | mutation]
  7266 | D:5      | Lost mutation: You are partially covered in iridescent
                  | scales. (AC +2) [potion of mutation]
  7266 | D:5      | Lost mutation: You are agile. (Dex +2) [potion of mutation]
  7266 | D:5      | Gained mutation: You have hidden genetic potential. [potion
                  | of mutation]
  7266 | D:5      | Gained mutation: You passively dampen the noise of your
                  | surroundings. [potion of mutation]
  7432 | D:6      | Reached skill level 5 in Long Blades
  8278 | D:6      | Noticed a two-headed ogre
  8294 | D:6      | Annihilated by a two-headed ogre

Illustrated notes

Levels and vault maps discovered:
D:1:      dpeg_arrival_tiny_j, layout_basic, ebering_ecumenical_altar_ruins
D:2:      layout_basic, basic_altar, uniq_robin
D:3:      layout_basic, portal_sewer_entry_e, nicolae_figureground_sparkle,
          uniq_jessica
D:4:      layout_basic, minmay_temple_entry_glassed_door,
          kennysheep_windowed_goal
D:5:      layout_rooms
D:6:      layout_loops_ring, uniq_crazy_yiuf_cottage
Temple:   regret_index_temple_generic_petals

Skill      XL: |  1  2  3  4  5  6  7  8 |
---------------+-------------------------+-----
Fighting       | 1 2 3 |  3.6
Short Blades   | 1 2 3 |  3.3
Slings         | 1 |  1.4
Long Blades    | 2 4 5 |  5.7
Shields        | 1 2 4 |  4.2
Dodging        | |  2.1
Stealth        | |  1.5
Spellcasting   | |  3.2

Action                   |  1- 3 |  4- 6 |  7- 9 || total
-------------------------+-------+-------+-------++-------
Melee: Short sword       |    53 |    44 |       ||    97
       Unarmed           |     2 |       |       ||     2
       Punch             |     1 |       |       ||     1
       Whip              |       |     8 |       ||     8
       Double sword      |       |    21 |   126 ||   147
 Fire: Hunting sling     |       |    59 |    12 ||    71
Throw: Stone             |    20 |     6 |     1 ||    27
 Cast: Pain              |    24 |    15 |       ||    39
       Magic Dart        |    16 |    20 |     3 ||    39
       Vampiric Draining |       |    22 |     4 ||    26
       Scorch            |       |    10 |     5 ||    15
Invok: Heroism           |       |       |     2 ||     2
  Use: Scroll            |       |    10 |     3 ||    13
       Potion            |       |     2 |     4 ||     6
 Stab: Sleeping          |     1 |     1 |       ||     2
Armor: Robe              |    16 |    10 |       ||    26
       Animal skin       |       |     2 |       ||     2
       Ring mail         |       |    12 |    49 ||    61
       Leather armour    |       |     1 |       ||     1
Dodge: Dodged            |    47 |    39 |    61 ||   147
Block: Kite shield       |       |     9 |    62 ||    71
